 Dungeon Crawl Stone Soup version 0.24-a0-462-ge24419a6ad (webtiles) character file.

Game seed: 8113556035439066298

48 KristoblXynda the Slasher (level 3, -4/30 HPs)
             Began as a Draconian Gladiator on July 1, 2019.
             Slain by Sigmund
             ... wielding a +3 vampiric scythe
              (13 damage)
             ... on level 2 of the Dungeon.
             The game lasted 00:02:49 (2126 turns).

KristoblXynda the Slasher (Draconian Gladiator)     Turns: 2126, Time: 00:02:50

Health: -4/30      AC:  5    Str: 21    XL:     3   Next: 50%
Magic:  3/3        EV: 13    Int:  9    God:
Gold:   68         SH:  0    Dex: 12    Spells: 2/2 levels left

rFire    . . .     SeeInvis .   a - +0 long sword
rCold    . . .     Gourm    .   (no shield)
rNeg     . . .     Faith    .   (armour unavailable)
rPois    .         Spirit   .   b - +0 hat
rElec    .         Reflect  .   (no cloak)
rCorr    .         Harm     .   (no gloves)
MR       .....                  (no boots)
Stlth    +.........             (no amulet)
HPRegen  0.10/turn              (no ring)
MPRegen  0.08/turn              (no ring)

@: confused, mighty, lightly drained
A: unfitting armour, cold-blooded, AC +5
a: no special abilities


You were on level 2 of the Dungeon.
You were hungry.

You visited 1 branch of the dungeon, and saw 2 of its levels.

You collected 68 gold pieces.

Inventory:

Hand Weapons
 a - a +0 long sword (weapon)
Missiles
 c - 3 throwing nets (quivered)
Armour
 b - a +0 hat (worn)
Jewellery
 n - a +5 amulet of reflection {unknown}
Scrolls
 e - a scroll of enchant armour {unknown}
 f - a scroll of immolation {unknown}
 g - 2 scrolls of enchant weapon {unknown}
 l - a scroll of identify
Potions
 h - a potion of agility
 j - a potion of cancellation
 k - a potion of resistance {unknown}
 m - a potion of degeneration {unknown}
Comestibles
 d - 5 rations


   Skills:
 + Level 2.9(2.8) Fighting
 * Level 3.7(3.6) Long Blades
 - Level 2.0(1.9) Throwing
 + Level 3.1(3.0) Dodging


You had 2 spell levels left.
You didn't know any spells.
Your spell library was empty.

Dungeon Overview and Level Annotations

Branches:
Dungeon (2/15)

Altars:
Elyvilon
Ru
Uskayaw

Annotations:
D:2 Sigmund


Innate Abilities, Weirdness & Mutations

Your plain brown scales are hard. (AC +5)
You cannot fit into any form of body armour.
You are cold-blooded and may be slowed by cold attacks.


Message History

You slash Sigmund!
Sigmund is heavily wounded.
Sigmund gestures wildly while chanting.
Sigmund flickers and vanishes!
Deactivating autopickup; reactivate with Ctrl-A.
You hear some strange, mumbled words.
You are confused.
Okay, then.
You completely miss something. Something hits you!
You bump into the tree.
You bump into the rock wall.
You hear some strange, mumbled words.
A puff of flame appears from out of thin air!
The puff of flame hits you!
* * * LOW HITPOINT WARNING * * *
Unknown command.
It was a potion of ambrosia.
You are more confused.
You feel invigorated. Something hits you!
You die...

##.#.#.#.#....## #.#.#
#.#.#.#.###...### #.#.#
#.#.#.###≈≈...≈≈# #.#.#
####...#.###≈..♣..≈###.#.########
.......#............##.#.........
#####..###...♣._.♣[..#.#..#######
###..............................
≈≈####..####≈..♣..≈##############
≈≈≈#.......#≈≈..@≈≈#..........#..
≈≈≈####..#.###.({############.#.#
≈≈≈≈####.#.....(.....).# #.#.#
≈≈≈≈#..................# #.#..
≈.≈≈#....##............# #)#..
...#####...............######'#'#
...# #.........................
..## #.........................
.## #)#.#.####'#####..[.......


There were no monsters in sight!

Vanquished Creatures
  An adder (D:2)
  2 dart slugs
  A leopard gecko (D:2)
  4 giant cockroaches
  8 goblins
  3 hobgoblins
  2 jackals (D:1)
  5 bats
  A frilled lizard (D:1)
  2 kobolds
  2 rats
31 creatures vanquished.

Vanquished Creatures (others)
  A quokka (D:2)
1 creature vanquished.

Grand Total: 32 creatures vanquished

Notes
Turn   | Place    | Note
-------+----------+-------------------------------------------
     0 | D:1      | KristoblXynda the Draconian Gladiator began the quest for
                  | the Orb.
     0 | D:1      | Reached XP level 1. HP: 17/17 MP: 1/1
     6 | D:1      | Noticed a komodo dragon
     6 | D:1      | Noticed a worker ant
     6 | D:1      | Noticed a hell rat
     6 | D:1      | Noticed a centaur
   432 | D:1      | Reached XP level 2. HP: 20/25 MP: 2/2
   603 | D:2      | Found a white marble altar of Elyvilon.
   604 | D:2      | Noticed Sigmund
   925 | D:1      | Reached XP level 3. HP: 19/30 MP: 3/3
  1760 | D:2      | Found a sacrificial altar of Ru.
  1760 | D:2      | Found a hide-covered altar of Uskayaw.
  2126 | D:2      | Slain by Sigmund

Levels and vault maps discovered:
D:1:      onia_arrival_zoo_common, layout_basic, hex_intersection,
          minmay_misc_feat_encased
D:2:      layout_basic, elyvilon_altar_4, gammafunk_temple_overflow_statue,
          first_ration, nicolae_underground_beach, uniq_sigmund

Skill      XL: |  1  2 |
---------------+-------+-----
Throwing       | 2 |  2.0
Dodging        | 3 |  3.1
Fighting       | |  2.9
Long Blades    | |  3.7

Action                   || total
-------------------------++-------
Melee: Long sword        ||    89
       Tailslap          ||    15
  Use: Scroll            ||     3
       Potion            ||     2
 Stab: Sleeping          ||     1
  Eat: Chunk             ||     3
Armor: Skin              ||    26
Dodge: Dodged            ||    83
       Rpst.: Long sword ||    16

Table legend:
 A = Non-vault XP
 B = Vault XP
 C = Vault XP percentage of total XP
 D = Non-vault monster count
 E = Vault monster count
 F = Vault count percentage of total count
                 A         B        C        D         E       F
            +---------+---------+-------+---------+---------+-------
      Total |      69 |       0 |   0.0 |      31 |       0 |   0.0
            +---------+---------+-------+---------+---------+-------
        D:1 |      26 |       0 |   0.0 |      15 |       0 |   0.0
        D:2 |      43 |       0 |   0.0 |      16 |       0 |   0.0
            +---------+---------+-------+---------+---------+-------
